 Dungeon Crawl Stone Soup version 0.23-a0-641-g0a7f1ce553 (webtiles) character file.

12607 Napalmbreeze the Cleaver (level 11, -1/104 HPs)
             Began as a Deep Dwarf Fighter on Dec 29, 2018.
             Was an Elder of Makhleb.
             Killed from afar by a dream sheep (20 damage)
             ... with an exploding inner flame
             ... on level 11 of the Dungeon on Dec 30, 2018.
             The game lasted 00:19:40 (8010 turns).

Napalmbreeze the Cleaver (Deep Dwarf Fighter)       Turns: 8010, Time: 00:19:41

Health: -1/104     AC: 15    Str: 22    XL:     11   Next: 64%
Magic:  10/10      EV: 26    Int: 15    God:    Makhleb [****..]
Gold:   287        SH: 12    Dex: 12    Spells: 14/14 levels left

rFire    . . .     SeeInvis .   j - +6 hand axe "Onety" {drain, rC++ Stlth+}
rCold    + + .     Gourm    .   c - +0 shield
rNeg     . . .     Faith    .   b - +0 scale mail
rPois    .         Spirit   .   s - +2 hat
rElec    .         Reflect  .   P - scarf {cloud immunity}
rCorr    .         Harm     .   K - +0 pair of gloves
MR       +....                  C - +1 pair of boots of Levity {Int+5}
Stlth    +.........             t - amulet of the acrobat
HPRegen  0.00/turn              u - +3 ring of protection
MPRegen  0.12/turn              A - +3 ring of slaying

@: acrobat, non-regenerating, studying Translocations
A: damage resistance, heal wounds, sense surroundings 2, no regeneration
a: Heal Wounds, Minor Destruction, Lesser Servant of Makhleb, Major Destruction,
Renounce Religion


You were on level 11 of the Dungeon.
You worshipped Makhleb.
Makhleb was greatly pleased with you.
You were not hungry.

You visited 2 branches of the dungeon, and saw 12 of its levels.

You collected 617 gold pieces.
You spent 330 gold pieces at shops.

Inventory:

Hand Weapons
 j - the +6 hand axe "Onety" (weapon) {drain, rC++ Stlth+}
   (You bought it in a shop on level 9 of the Dungeon)

   A truly terrible weapon, it drains the life of those it strikes.
   It greatly protects you from cold.
   It makes you more stealthy.
 G - the +6 mace "Kesot" {venom, *Rage rN+ MR+ Str+4}
   (You found it on level 5 of the Dungeon)

   It poisons the flesh of those it strikes.
   It affects your strength (+4).
   It protects you from negative energy.
   It affects your resistance to hostile enchantments.
   It may make you go berserk in combat.
Armour
 b - a +0 scale mail (worn)
 c - a +0 shield (worn)
 r - a +0 cloak
 s - a +2 hat (worn)
 C - the +1 pair of boots of Levity (worn) {Int+5}
   (You found it on level 5 of the Dungeon)

   It affects your intelligence (+5).
 K - a +0 pair of gloves (worn)
 P - a scarf of cloud immunity (worn)
Jewellery
 t - an amulet of the acrobat (around neck)
 u - a +3 ring of protection (left hand)
 A - a +3 ring of slaying (right hand)
Wands
 a - a wand of digging (6)
 n - a wand of enslavement (7)
 v - a wand of flame (47)
Scrolls
 k - 2 scrolls of magic mapping
 l - 3 scrolls of remove curse
 m - 4 scrolls of teleportation
 q - 8 scrolls of enchant armour
 x - 3 scrolls of blinking
 y - 2 scrolls of fear
 D - 2 scrolls of enchant weapon
 E - a scroll of fog {unknown}
 J - 2 scrolls of identify
 O - a scroll of amnesia {unknown}
Potions
 d - 3 potions of might
 e - 2 potions of flight {unknown}
 g - 2 potions of lignification {unknown}
 h - a potion of resistance {unknown}
 i - 6 potions of curing
 o - 3 potions of degeneration {unknown}
 p - 3 potions of haste {unknown}
 w - a potion of invisibility
 z - 2 potions of ambrosia {unknown}
 B - 2 potions of berserk rage {unknown}
 I - a potion of cancellation {unknown}
 L - 2 potions of heal wounds {unknown}
 M - a potion of brilliance {unknown}
 N - a potion of magic {unknown}
 Q - a potion of mutation {unknown}
Books
 H - a manual of Translocations
Comestibles
 f - 24 rations
 F - 3 chunks of flesh


   Skills:
 + Level 8.9 Fighting
 + Level 11.4 Axes
 - Level 5.0 Armour
 - Level 5.0 Dodging
 + Level 11.0 Shields
 - Level 2.0 Spellcasting
 + Level 6.8 Invocations


You had 14 spell levels left.
You didn't know any spells.
Your spell library contained the following spells:

 Spells                   Type           Power        Failure   Level  Hunger
 Freeze                   Ice            #...         67%         1    #......
 Magic Dart               Conj           #...         67%         1    #......
 Searing Ray              Conj           #.....       80%         2    ###....
 Throw Frost              Conj/Ice       #.....       80%         2    ###....
 Dazzling Spray           Conj/Hex       #.....       95%         3    ###....
 Ozocubu's Armour         Chrm/Ice       #.......     95%         3    ###....
 Force Lance              Conj/Tloc      #.......     100%        4    #####..
 Fulminant Prism          Conj/Hex       #.........   100%        4    #####..
 Iskenderun's Mystic Bla  Conj           #.......     100%        4    #####..
 Summon Ice Beast         Ice/Summ       #.......     100%        4    #####..
 Throw Icicle             Conj/Ice       #.......     100%        4    #####..


Dungeon Overview and Level Annotations

Branches:
Dungeon (11/15)            Temple (1/1) D:6             Orc (0/2) D:10
   Lair: D:8-11

Altars:
Ashenzari
Cheibriados
Dithmenos
Elyvilon
Fedhas
Gozag
Hepliaklqana
Kikubaaqudgha
Makhleb
Nemelex Xobeh
Okawaru
Qazlal
Ru
Sif Muna
Trog
Uskayaw
Vehumet
Wu Jian
Xom
Yredelemnul
Zin
The Shining One

Shops:
D:8 ::!*=   D:9 (


Innate Abilities, Weirdness & Mutations

You are resistant to damage.
You can heal yourself by infusing magical energy.
You passively map the area around you.
You do not regenerate.


Message History

You strike the helpless dream sheep from behind!
You slash the dream sheep!
Your attack snaps the dream sheep out of its fear.
The dream sheep burns! x5
The dream sheep burns! x5
The dream sheep burns! x5
The dream sheep ruffle their wool and motes of dream dust sparkle, to no The dream sheep are wreathed in dream dust.
You feel drowsy...
You fall asleep.
The dream sheep burns! x5; The dream sheep bites you!!
You wake up.
* * * LOW HITPOINT WARNING * * *
You hear an explosion!
The fiery explosion engulfs the dream sheep.
The dream sheep explodes!
The fiery explosion engulfs the dream sheep.
The dream sheep explodes!
The dream sheep burns!
The dream sheep explodes!
The fiery explosion engulfs you!
You die...

,*
#...................#
,*
#................§§§#
,
+................§§§#
,
#..................§#
#.............._....#
#..........%........#
*
##.#######+..§%.....#
#.# ##...§§.....# #.#
#....@§Y.%..# #.#
#.#########.# #.# *
*.# #.# * * .# , #.#
* ## #.# *, * #.# ,
,* #.# * * #.# * , ,


You could see a dream sheep (inner flame).

Vanquished Creatures
  Erolcha (D:10)
  Harold (D:6)
  A death knight (D:10)
  A tengu warrior (D:10)
  An unseen horror (D:10)
  A necromancer (D:10)
  An ugly thing (D:10)
  A manticore (D:11)
  A troll (D:10)
  Grinder (D:3)
  A hippogriff (D:11)
  Sigmund (D:5)
  A wraith (D:10)
  2 hungry ghosts
  3 yaks (D:10)
  A warg (D:10)
  2 water moccasins
  7 ice beasts
  3 orc warriors
  A hornet zombie (D:6)
  6 sky beasts
  2 necrophages (D:7)
  2 phantoms (D:5)
  4 ogres
  10 centaurs
  A crocodile (D:10)
  An elf zombie (D:7)
  4 bullfrogs
  A big kobold (D:8)
  3 scorpions
  A wight (D:7)
  8 killer bees
  4 human zombies (D:7)
  A centaur zombie (D:9)
  5 crimson imps
  A jelly (D:8)
  2 quasits
  A centaur skeleton (D:9)
  3 hounds
  4 bullfrog skeletons
  12 orc priests
  9 orc wizards
  4 iguanas
  Crazy Yiuf (D:5)
  A human skeleton (D:7)
  Ijyb (D:5)
  9 worker ants
  4 polar bear simulacra (D:10)
  2 yak simulacra (D:10)
  2 wolf simulacra (D:10)
  3 mummies (D:7)
  A worker ant zombie (D:8)
  8 gnolls
  15 adders
  A shadow imp (D:10)
  2 oozes
  2 adder skeletons
  2 worms
  3 leopard geckos
  28 orcs
  2 ball pythons
  14 bats
  5 giant cockroaches
  9 goblins
  18 hobgoblins
  9 jackals
  3 quokkas
  A ball python zombie (D:5)
  7 frilled lizards
  A giant cockroach zombie (D:5)
  A jackal skeleton (D:6)
  21 kobolds
  7 rats
  3 river rat simulacra (D:10)
307 creatures vanquished.

Vanquished Creatures (others)
  3 dream sheep (D:11)
  An orc wizard (D:6)
4 creatures vanquished.

Grand Total: 311 creatures vanquished

Notes
Turn   | Place    | Note
-------+----------+-------------------------------------------
     0 | D:1      | Napalmbreeze the Deep Dwarf Fighter began the quest for the
                  | Orb.
     0 | D:1      | Reached XP level 1. HP: 20/20 MP: 1/1
    23 | D:1      | Reached XP level 2. HP: 27/27 MP: 2/2
   279 | D:1      | Reached skill level 1 in Dodging
   279 | D:1      | Reached XP level 3. HP: 19/33 MP: 3/3
   587 | D:2      | Reached XP level 4. HP: 37/42 MP: 3/3
   669 | D:2      | Found a bloodstained altar of Trog.
  1183 | D:3      | Noticed a centaur
  1189 | D:3      | Killed a centaur
  1189 | D:3      | Reached XP level 5. HP: 24/49 MP: 4/4
  1513 | D:3      | Reached XP level 6. HP: 40/56 MP: 4/4
  1652 | D:3      | Noticed Grinder
  1666 | D:3      | Killed Grinder
  1666 | D:3      | Reached skill level 5 in Axes
  1666 | D:3      | Reached XP level 7. HP: 48/63 MP: 5/5
  2004 | D:4      | Found a shadowy altar of Dithmenos.
  2009 | D:4      | Found a hide-covered altar of Uskayaw.
  2428 | D:4      | Reached skill level 5 in Armour
  2683 | D:5      | Entered Level 5 of the Dungeon
  2760 | D:5      | Reached skill level 5 in Shields
  2986 | D:5      | Reached XP level 8. HP: 42/73 MP: 4/4
  3020 | D:5      | Noticed Ijyb
  3030 | D:5      | Killed Ijyb
  3041 | D:5      | Got a pair of shimmering boots
  3049 | D:5      | Identified the +1 pair of boots of Levity {Int+5} (You
                  | found it on level 5 of the Dungeon)
  3096 | D:5      | Noticed Sigmund
  3106 | D:5      | Killed Sigmund
  3338 | D:5      | Found a runed door.
  3342 | D:5      | Noticed Crazy Yiuf
  3347 | D:5      | Killed Crazy Yiuf
  3353 | D:5      | Got an ancient mace
  3355 | D:5      | Identified the +6 mace "Kesot" {venom, *Rage rN+ MR+ Str+4}
                  | (You found it on level 5 of the Dungeon)
  3465 | D:6      | Reached skill level 5 in Fighting
  3481 | D:6      | Reached skill level 5 in Dodging
  3521 | D:6      | Found a staircase to the Ecumenical Temple.
  3531 | Temple   | Entered the Ecumenical Temple
  3675 | Temple   | Became a worshipper of Makhleb the Destroyer
  3690 | D:6      | Gained mutation: You passively map the area around you.
                  | [Deep Dwarf growth]
  3690 | D:6      | Reached XP level 9. HP: 47/81 MP: 5/5
  3727 | D:6      | Found a sacrificial altar of Ru.
  4029 | D:6      | Found a glowing golden altar of the Shining One.
  4079 | D:6      | Found a shimmering altar of Xom.
  4480 | D:7      | Noticed Harold
  4511 | D:6      | Killed Harold
  4511 | D:6      | Reached skill level 1 in Spellcasting
  4583 | D:7      | Reached skill level 10 in Axes
  4691 | D:7      | Reached * piety under Makhleb
  5021 | D:7      | You fall through a shaft for 3 floors!
  5021 | D:10     | Entered Level 10 of the Dungeon
  5054 | D:10     | Reached XP level 10. HP: 72/91 MP: 7/7
  5104 | D:8      | Found Yqikesih's Jewellery Shop.
  5139 | D:8      | Found a stormy altar of Qazlal.
  5556 | D:7      | Found an ancient bone altar of Kikubaaqudgha.
  5805 | D:8      | Reached ** piety under Makhleb
  5916 | D:8      | Found Vaas's Distillery.
  5981 | D:8      | Found Quafef's Book Boutique.
  5994 | D:8      | Found Alit's Book Boutique.
  6097 | D:8      | Found Ussumeud's Assorted Antiques.
  6105 | D:8      | Bought a scroll of identify for 58 gold pieces
  6329 | D:9      | Reached skill level 1 in Invocations
  6344 | D:9      | Found Ettih's Antique Weapon Shop.
  6457 | D:9      | Bought a pitted hand axe for 272 gold pieces
  6457 | D:9      | Identified the +6 hand axe "Onety" {drain, rC++ Stlth+}
                  | (You bought it in a shop on level 9 of the Dungeon)
  6978 | D:10     | Noticed Erolcha
  6981 | D:10     | Noticed a brown ugly thing
  6989 | D:10     | Killed Erolcha
  6989 | D:10     | Reached skill level 10 in Shields
  6998 | D:10     | Killed a brown ugly thing
  6999 | D:10     | Reached XP level 11. HP: 103/103 MP: 8/8
  7016 | D:10     | Reached *** piety under Makhleb
  7034 | D:10     | Found a staircase to the Orcish Mines.
  7142 | D:10     | Noticed a necromancer
  7150 | D:10     | Killed a necromancer
  7166 | D:10     | Reached skill level 5 in Invocations
  7340 | D:10     | Reached **** piety under Makhleb
  7376 | D:10     | Killed an unseen horror
  7461 | D:10     | Noticed a tengu warrior
  7472 | D:10     | Killed a tengu warrior
  7667 | D:10     | Noticed a death knight
  7691 | D:10     | Killed a death knight
  8004 | D:11     | Found a shimmering altar of Xom.
  8010 | D:11     | Killed from afar by a dream sheep

Vault maps used:
D:1:      tarquinn_simple_flora_water_d, interstate_on_off, nrook_loot_triangle
D:2:      nicolae_overflow_crystal_walls
D:3:      minmay_misc_feat_alley, minmay_unequal, uniq_grinder
D:4:      eat_drink_and_be_merry_uskayaw, first_ration, grunt_dithmenos_smoke
D:5:      kennysheep_generic_room_6, uniq_crazy_yiuf_cottage, uniq_sigmund,
          uniq_ijyb
D:6:      lemuel_coloured_pillars_altar, overflow_temple_1_default,
          kennysheep_mini, minmay_temple_entry_steel_oval, minmay_manual_mess
D:7:      hangedman_abyss_or_decor_lesser_grid,
          lemuel_mausoleum_altar_kikubaaqudgha, uniq_harold
D:8:      lemuel_round_altar, serial_shops,
          nicolae_shop_temple_entry_statues_fountains, shop_statue,
          nicolae_shop_waterfront, nicolae_shop_stone, nicolae_shop_behind_doors
D:9:      serial_shops, shop
D:10:     erik_orc_4, grunt_tengu_nest, eino_house_with_fridge, uniq_erolcha
D:11:     minmay_lair_entry_grove, kb_xom_exploding_sheep
Temple:   eino_temple_scatter_basement

Skill      XL: |  1  2  3  4  5  6  7  8  9 10 11 |
---------------+----------------------------------+-----
Axes           | 3 4 5 6 8 10 11 | 11.4
Dodging        | 1 2 3 4 5 |  5.0
Fighting       | 3 4 5 6 8 |  8.9
Armour         | 4 5 |  5.0
Shields        | 4 5 6 8 10 11 | 11.0
Spellcasting   | 2 |  2.0
Invocations    | 4 6 |  6.8

Action                   |  1- 3 |  4- 6 |  7- 9 | 10-12 || total
-------------------------+-------+-------+-------+-------++-------
Melee: War axe           |    85 |   173 |   327 |   209 ||   794
       Mace              |       |       |    25 |    28 ||    53
       Hand axe          |       |       |       |   258 ||   258
 Abil: Heal Wounds       |     1 |     2 |    11 |     1 ||    15
  Use: Scroll            |       |       |     4 |     8 ||    12
 Stab: Invisible         |       |       |     1 |       ||     1
       Fleeing           |       |       |       |     1 ||     1
  Eat: Chunk             |       |     3 |    11 |     5 ||    19
       Ration            |       |       |     1 |     2 ||     3
Armor: Scale mail        |    32 |    75 |   141 |   184 ||   432
Dodge: Dodged            |    35 |    70 |   136 |   201 ||   442
Block: Shield            |    51 |   112 |   183 |   281 ||   627

Table legend:
 A = Non-vault XP
 B = Vault XP
 C = Vault XP percentage of total XP
 D = Non-vault monster count
 E = Vault monster count
 F = Vault count percentage of total count
                 A         B        C        D         E       F
            +---------+---------+-------+---------+---------+-------
      Total |   12326 |    5684 |  31.6 |     252 |      56 |  18.2
            +---------+---------+-------+---------+---------+-------
        D:1 |      63 |       0 |   0.0 |      28 |       0 |   0.0
        D:2 |      74 |       0 |   0.0 |      28 |       0 |   0.0
        D:3 |     419 |     286 |  40.6 |      35 |       6 |  14.6
        D:4 |     269 |       0 |   0.0 |       9 |       0 |   0.0
        D:5 |     509 |     414 |  44.9 |      14 |       6 |  30.0
        D:6 |    1669 |    1016 |  37.8 |      31 |       2 |   6.1
        D:7 |     633 |     673 |  51.5 |      16 |      12 |  42.9
        D:8 |    1338 |       0 |   0.0 |      31 |       0 |   0.0
        D:9 |     838 |       0 |   0.0 |      14 |       0 |   0.0
       D:10 |    5674 |    3295 |  36.7 |      43 |      30 |  41.1
       D:11 |     840 |       0 |   0.0 |       3 |       0 |   0.0
            +---------+---------+-------+---------+---------+-------
